SL
NEW AMSTERDAM REPUBLICS @ LONE STAR BC
08/03/2017
 
TOP OF THE 1ST
California Oceanliners batting - Pitching for Chicago Gold Sox : RHP Guillermo Pérez
Pitching: RHP Guillermo Pérez
Batting: RHB George Lake 0-0: Ball
1-0: SINGLE (Line Drive, 4M)
Batting: RHB Tim Barnes 0-0: Foul Ball, location: 2F
0-1: Ball
1-1: Foul Ball, location: 2F
1-2: Ball
2-2: Ball
3-2: Strikes out swinging
Batting: LHB Adrián Rodríguez 0-0: Fielders Choice at 2nd, 6-4 (Groundball, 6M)
Batting: LHB Alfredo Pérez 0-0: Ball
1-0: Ball
2-0: Called Strike
2-1: Fly out, F7 (Flyball, 78D)
Top of the 1st over - 0 run(s), 1 hit(s), 0 error(s), 1 left on base; California 0 - Chicago 0
BOTTOM OF THE 1ST
Chicago Gold Sox batting - Pitching for California Oceanliners : RHP Alf Näsbom
Pitching: RHP Alf Näsbom
Batting: LHB Earl Ellis 0-0: Reached on error, E1 (Groundball, 23)
Batting: LHB Vicente Martínez 0-0: Foul Ball, location: 2F
0-1: Ball
1-1: Fly out, F8 (Flyball, 78D)
Batting: LHB Salvador Vidal 0-0: Swinging Strike
0-1: Foul Ball, location: 2F
0-2: Strikes out swinging
Batting: LHB Noel Ballard 0-0: Called Strike
0-1: Ball
1-1: Ball
2-1: Foul Ball, location: 2F
2-2: Ball
3-2: SINGLE (Groundball, 6D)
Earl Ellis to second
Earl Ellis to third
Batting: RHB Carlos Gómez 0-0: Ball
1-0: Called Strike
1-1: Ball
2-1: Fielders Choice at 2nd, 5-4 (Groundball, 56)
Bottom of the 1st over - 0 run(s), 1 hit(s), 1 error(s), 1 left on base; California 0 - Chicago 0
TOP OF THE 2ND
California Oceanliners batting - Pitching for Chicago Gold Sox : RHP Guillermo Pérez
Batting: LHB Rubén López 0-0: Ground out 4-3 (Groundball, 4)
Batting: RHB Manny Hernández 0-0: DOUBLE (Flyball, 8LXD)
Batting: SHB Mark Kennedy 0-0: Called Strike
0-1: Ball
1-1: Foul Ball, location: 2F
1-2: Ball
2-2: Ball
3-2: Strikes out swinging
Batting: RHB Scott Forrest 0-0: Ball
1-0: Ball
2-0: Called Strike
2-1: Ball
3-1: Fly out, F8 (Flyball, 8LD)
Top of the 2nd over - 0 run(s), 1 hit(s), 0 error(s), 1 left on base; California 0 - Chicago 0
BOTTOM OF THE 2ND
Chicago Gold Sox batting - Pitching for California Oceanliners : RHP Alf Näsbom
Batting: RHB Daniel Lallanilla 0-0: Ball
1-0: SINGLE (Line Drive, 89S)
Batting: LHB Mike Blue 0-0: Called Strike
0-1: Ball
1-1: Called Strike
1-2: Strikes out looking
Batting: RHB John Farrell 0-0: Ball
1-0: Ball
2-0: Ball
3-0: Called Strike
3-1: Fly out, F9 (Flyball, 9M)
Batting: RHB Guillermo Pérez 0-0: Ball
1-0: Swinging Strike
1-1: Foul Ball, location: 2F
1-2: Ball
2-2: Strikes out swinging
Bottom of the 2nd over - 0 run(s), 1 hit(s), 0 error(s), 1 left on base; California 0 - Chicago 0
TOP OF THE 3RD
California Oceanliners batting - Pitching for Chicago Gold Sox : RHP Guillermo Pérez
Batting: RHB Alf Näsbom 0-0: Ball
1-0: Ground out 4-3 (Groundball, 4MS)
Batting: RHB George Lake 0-0: Ball
1-0: Foul Ball, location: 2F
1-1: Called Strike
1-2: Ball
2-2: Strikes out swinging
Batting: RHB Tim Barnes 0-0: Ball
1-0: Called Strike
1-1: Called Strike
1-2: Ball
2-2: SINGLE (Line Drive, 89M)
Batting: LHB Adrián Rodríguez 0-0: Ball
1-0: Foul Ball, location: 2F
1-1: Called Strike
1-2: Ball
2-2: Foul Ball, location: 2F
2-2: Ball
Tim Barnes steals 2nd base
3-2: Fly out, F7 (Line Drive, 78S)
Top of the 3rd over - 0 run(s), 1 hit(s), 0 error(s), 1 left on base; California 0 - Chicago 0
BOTTOM OF THE 3RD
Chicago Gold Sox batting - Pitching for California Oceanliners : RHP Alf Näsbom
Batting: LHB Earl Ellis 0-0: Ball
1-0: Ground out 4-3 (Groundball, 13)
Batting: LHB Vicente Martínez 0-0: Ball
1-0: Ball
2-0: Ball
3-0: Called Strike
3-1: Base on Balls
Batting: LHB Salvador Vidal 0-0: Ball
1-0: Ball
2-0: Called Strike
2-1: Ball
3-1: Called Strike
3-2: Base on Balls
Vicente Martínez to second
Batting: LHB Noel Ballard 0-0: Called Strike
0-1: Foul Ball, location: 2F
0-2: Strikes out swinging
Batting: RHB Carlos Gómez 0-0: Called Strike
0-1: Ball
1-1: Fly out, F5 (Line Drive, 56)
Bottom of the 3rd over - 0 run(s), 0 hit(s), 0 error(s), 2 left on base; California 0 - Chicago 0
TOP OF THE 4TH
California Oceanliners batting - Pitching for Chicago Gold Sox : RHP Guillermo Pérez
Batting: LHB Alfredo Pérez 0-0: SINGLE (Groundball, 25) (infield hit)
Batting: LHB Rubén López 0-0: Called Strike
0-1: Ball
1-1: Fielders Choice at 2nd, U6 (Groundball, 6M)
Batting: RHB Manny Hernández 0-0: Ball
1-0: Grounds into double play, 4-6-3 (Groundball, 4)
Top of the 4th over - 0 run(s), 1 hit(s), 0 error(s), 0 left on base; California 0 - Chicago 0
BOTTOM OF THE 4TH
Chicago Gold Sox batting - Pitching for California Oceanliners : RHP Alf Näsbom
Batting: RHB Daniel Lallanilla 0-0: Called Strike
0-1: Foul Ball, location: 2F
0-2: Ball
1-2: Foul Ball, location: 2F
1-2: Ground out 5-3 (Groundball, 56S)
Batting: LHB Mike Blue 0-0: Ball
1-0: DOUBLE (Flyball, 8LXD)
Batting: RHB John Farrell 0-0: Swinging Strike
0-1: Called Strike
0-2: Strikes out swinging
Batting: RHB Guillermo Pérez 0-0: Foul Ball, location: 2F
0-1: Called Strike
0-2: Ball
1-2: SINGLE (Line Drive, 6MD)
Mike Blue to third
Runner from 3rd tries for Home, throw and OUT!
Bottom of the 4th over - 0 run(s), 2 hit(s), 0 error(s), 1 left on base; California 0 - Chicago 0
TOP OF THE 5TH
California Oceanliners batting - Pitching for Chicago Gold Sox : RHP Guillermo Pérez
Batting: SHB Mark Kennedy 0-0: Ball
1-0: Called Strike
1-1: Bunt for hit - play at first, batter OUT! 2-4
Batting: RHB Scott Forrest 0-0: Called Strike
0-1: Called Strike
0-2: Foul Ball, location: 2F
0-2: Foul Ball, location: 2F
0-2: Strikes out looking
Batting: RHB Alf Näsbom 0-0: Called Strike
0-1: Ball
1-1: Ball
2-1: Ground out 4-3 (Groundball, 4)
Top of the 5th over - 0 run(s), 0 hit(s), 0 error(s), 0 left on base; California 0 - Chicago 0
BOTTOM OF THE 5TH
Chicago Gold Sox batting - Pitching for California Oceanliners : RHP Alf Näsbom
Batting: LHB Earl Ellis 0-0: Ball
1-0: Ball
2-0: Foul Ball, location: 2F
2-1: Ball
3-1: Called Strike
3-2: Base on Balls
Batting: LHB Vicente Martínez 0-0: Called Strike
0-1: Called Strike
0-2: Ball
1-2: Strikes out swinging
Batting: LHB Salvador Vidal 0-0: Ball
1-0: Foul Ball, location: 2F
1-1: Fly out, F7 (Flyball, 78S)
Batting: LHB Noel Ballard 0-0: Called Strike
0-1: Ball
1-1: Ground out 4-3 (Groundball, 4)
Bottom of the 5th over - 0 run(s), 0 hit(s), 0 error(s), 1 left on base; California 0 - Chicago 0
TOP OF THE 6TH
California Oceanliners batting - Pitching for Chicago Gold Sox : RHP Guillermo Pérez
Batting: RHB George Lake 0-0: Ball
1-0: Foul Ball, location: 2F
1-1: SINGLE (Groundball, 34D)
Batting: RHB Tim Barnes 0-0: Ball
1-0: Foul Ball, location: 2F
1-1: Swinging Strike
1-2: Foul Ball, location: 2F
1-2: Foul Ball, location: 2F
1-2: Ball
2-2: Strikes out swinging
Batting: LHB Adrián Rodríguez 0-0: Foul Ball, location: 2F
0-1: SINGLE (Flyball, 8LS)
George Lake to second
George Lake to third
Batting: LHB Alfredo Pérez 0-0: Ball
Adrián Rodríguez steals 2nd base
1-0: Ground out 4-3 (Groundball, 4)
Batting: LHB Rubén López 0-0: Called Strike
0-1: Ground out 4-3 (Groundball, 34)
Top of the 6th over - 0 run(s), 2 hit(s), 0 error(s), 2 left on base; California 0 - Chicago 0
BOTTOM OF THE 6TH
Chicago Gold Sox batting - Pitching for California Oceanliners : RHP Alf Näsbom
Batting: RHB Carlos Gómez 0-0: Ball
1-0: Foul Ball, location: 2F
1-1: Called Strike
1-2: Strikes out swinging
Batting: RHB Daniel Lallanilla 0-0: Foul Ball, location: 2F
0-1: Ground out 5-3 (Groundball, 56S)
Batting: LHB Mike Blue 0-0: Ball
1-0: Called Strike
1-1: Fly out, F6 (Line Drive, 56)
Bottom of the 6th over - 0 run(s), 0 hit(s), 0 error(s), 0 left on base; California 0 - Chicago 0
TOP OF THE 7TH
California Oceanliners batting - Pitching for Chicago Gold Sox : RHP Guillermo Pérez
Batting: RHB Manny Hernández 0-0: Ball
1-0: Swinging Strike
1-1: Ball
2-1: Called Strike
2-2: Foul Ball, location: 2F
2-2: Strikes out swinging
Batting: SHB Mark Kennedy 0-0: Called Strike
0-1: Fly out, F8 (Flyball, 8RD)
Batting: RHB Scott Forrest 0-0: Ball
1-0: Foul Ball, location: 2F
1-1: Ball
2-1: Called Strike
2-2: Ball
3-2: Strikes out swinging
Top of the 7th over - 0 run(s), 0 hit(s), 0 error(s), 0 left on base; California 0 - Chicago 0
BOTTOM OF THE 7TH
Chicago Gold Sox batting - Pitching for California Oceanliners : RHP Alf Näsbom
Pinch Hitting: LHB Ron Goodwin 0-0: Ball
1-0: Called Strike
1-1: SINGLE (Groundball, 4MD)
Pinch Hitting: RHB Pancho Montoya 0-0: SINGLE (Groundball, 6)
Ron Goodwin to second
Pinch Runner at 2nd Steven Johnstone:
Batting: LHB Earl Ellis 0-0: Ball
1-0: Fielders Choice at 2nd, 3-6 (Groundball, 3)
Steven Johnstone to third
Batting: LHB Vicente Martínez 0-0: Called Strike
0-1: Foul Ball, location: 2F
0-2: Strikes out swinging
Batting: LHB Salvador Vidal 0-0: Called Strike
0-1: Ball
1-1: Ball
2-1: Ball
3-1: Foul Ball, location: 2F
3-2: Strikes out swinging
Bottom of the 7th over - 0 run(s), 2 hit(s), 0 error(s), 2 left on base; California 0 - Chicago 0
TOP OF THE 8TH
California Oceanliners batting - Pitching for Chicago Gold Sox : RHP Guillermo Pérez
Pitching: LHP Billy Black
Now in CF: Steven Johnstone
Pinch Hitting: RHB Wilson Ríos 0-0: Called Strike
0-1: Ball
1-1: SINGLE (Line Drive, 6D)
Batting: RHB George Lake 0-0: Ball
1-0: Ball
Passed Ball!
Wilson Ríos to second
2-0: Ball
3-0: Called Strike
3-1: Foul Ball, location: 2F
3-2: Fly out, F4 (Popup, 4)
Batting: RHB Tim Barnes 0-0: Called Strike
0-1: Foul Ball, location: 2F
0-2: Ball
1-2: Foul Ball, location: 2F
1-2: Foul Ball, location: 2F
1-2: Ball
2-2: Strikes out swinging
Batting: LHB Adrián Rodríguez 0-0: Called Strike
0-1: DOUBLE (Line Drive, 5D)
Wilson Ríos scores
Batting: LHB Alfredo Pérez 0-0: Called Strike
0-1: Called Strike
0-2: Ball
1-2: Foul Ball, location: 2F
1-2: Foul Ball, location: 2F
1-2: Ball
2-2: Fly out, F6 (Popup, 6MD)
Top of the 8th over - 1 run(s), 2 hit(s), 0 error(s), 1 left on base; California 1 - Chicago 0
BOTTOM OF THE 8TH
Chicago Gold Sox batting - Pitching for California Oceanliners : RHP Alf Näsbom
Pitching: LHP Ben Flowers
Batting: LHB Noel Ballard 0-0: Called Strike
0-1: Called Strike
0-2: Foul Ball, location: 2F
0-2: Strikes out swinging
Pitching: LHP Rod Payton
Batting: RHB Carlos Gómez 0-0: Ball
1-0: Swinging Strike
1-1: Swinging Strike
1-2: Foul Ball, location: 2F
1-2: Foul Ball, location: 2F
1-2: Strikes out looking
Batting: RHB Daniel Lallanilla 0-0: Ball
1-0: Swinging Strike
1-1: Foul Ball, location: 2F
1-2: Ball
2-2: Ball
3-2: Fly out, F8 (Flyball, 8LM)
Bottom of the 8th over - 0 run(s), 0 hit(s), 0 error(s), 0 left on base; California 1 - Chicago 0
TOP OF THE 9TH
California Oceanliners batting - Pitching for Chicago Gold Sox : LHP Billy Black
Batting: LHB Rubén López 0-0: Fly out, F8 (Flyball, 8RM)
Batting: RHB Manny Hernández 0-0: Foul Ball, location: 2F
0-1: DOUBLE (Groundball, 5L)
Pinch Hitting: RHB Keith Lowery 0-0: Intentional Walk
Batting: RHB Scott Forrest 0-0: Called Strike
0-1: Foul Ball, location: 2F
0-2: Foul Ball, location: 2F
0-2: Strikes out swinging
Pitching: RHP John Hicks
Now at C: Júlio García
Pinch Hitting: LHB Kelly Brown 0-0: Called Strike
0-1: Swinging Strike
0-2: Ball
1-2: Ground out U3 (Groundball, 3S)
Top of the 9th over - 0 run(s), 1 hit(s), 0 error(s), 2 left on base; California 1 - Chicago 0
BOTTOM OF THE 9TH
Chicago Gold Sox batting - Pitching for California Oceanliners : LHP Rod Payton
Pitching: RHP John Watson
Now in LF: Juan López
Batting: LHB Mike Blue 0-0: Called Strike
0-1: Swinging Strike
0-2: Ball
1-2: Ground out 1-3 (Groundball, 13)
Batting: LHB Steven Johnstone 0-0: Ground out 4-3 (Groundball, 4)
Batting: SHB Júlio García 0-0: Called Strike
0-1: Ball
1-1: Foul Ball, location: 2F
1-2: Ball
2-2: Ground out 4-3 (Groundball, 34)
Bottom of the 9th over - 0 run(s), 0 hit(s), 0 error(s), 0 left on base; California 1 - Chicago 0
This league is powered by Out of the Park Baseball, the baseball management simulation game for PC, Mac and Linux
Saturday, February 27th, 2021 - OOTP Baseball 15.6 Build 34